 Dungeon Crawl Stone Soup version 0.31-a0-837-g3fff7bc (webtiles) character file.

Game seed: 10477918270402080901

27450 BarneyGumball the Destroyer (level 13, -4/88 HPs)
             Began as an Octopode Earth Elementalist on Sept 26, 2023.
             Was an Elder of Vehumet.
             Slain by a wolf spider (7 damage)
             ... on level 3 of the Lair of Beasts.
             The game lasted 00:51:02 (18368 turns).

BarneyGumball the Destroyer (OpEE)                 Turns: 18368, Time: 00:51:02

Health: -4/88      AC:  1    Str:  8    XL:     13   Next: 32%
Magic:  1/34       EV: 10    Int: 21    God:    Vehumet [****..]
Gold:   672        SH:  0    Dex: 19    Spells: 2/28 levels left

rFire   . . .        b - staff of cold
rCold   + . .        M - orb {light}
rNeg    . . .        P - +0 hat
rPois   .            t - amulet of regeneration
rElec   .            e - ring of resist corrosion
rCorr   +            o - +6 ring of dexterity
SInv    .            y - ring of willpower
Will    +....        Q - ring of flight
Stlth   ++           L - ring of magical power
HPRegen 1.14/turn    (no ring)
MPRegen 0.24/turn    (no ring)
                     (no ring)

%: no passive effects
@: lethally poisoned (-4 -> -4), on blink cooldown, flying, very slightly
contaminated, held, glowing
A: almost no armour, amphibious, 8 rings, camouflage 1, gelatinous body 1,
(nimble swimmer 1), tentacles
a: Renounce Religion


You were on level 3 of the Lair of Beasts.
You worshipped Vehumet.
Vehumet was greatly pleased with you.
You visited 3 branches of the dungeon, and saw 16 of its levels.

You collected 702 gold pieces.
You spent 30 gold pieces at shops.

Inventory:

Hand Weapons
 a - a +0 demon whip of venom
Missiles
 f - 4 curare-tipped darts
 k - 35 poisoned darts
 n - 4 throwing nets
Armour
 M - an orb of light (worn)
 P - a +0 hat (worn)
Magical Staves
 b - a staff of cold (weapon)
Jewellery
 e - a ring of resist corrosion (left tentacle)
 o - a +6 ring of dexterity (right tentacle)
 t - an amulet of regeneration (around mantle)
 y - a ring of willpower (on tentacle)
 H - a ring of fire
 L - a ring of magical power (on tentacle)
 Q - a ring of flight (on tentacle)
Wands
 F - a wand of flame (17)
 J - a wand of light (6)
 K - a wand of mindburst (7)
 R - a wand of roots (7)
Scrolls
 c - 3 scrolls of revelation
 d - a scroll of brand weapon {unknown}
 g - 2 scrolls of torment
 i - 6 scrolls of teleportation
 j - a scroll of vulnerability
 p - a scroll of poison {unknown}
 q - a scroll of amnesia
 s - 2 scrolls of immolation {unknown}
 v - 2 scrolls of enchant armour
 w - a scroll of enchant weapon
 x - a scroll of acquirement {unknown}
 z - a scroll of noise {unknown}
 A - 2 scrolls of fog
 C - a scroll of identify
 D - a scroll of fear {unknown}
 E - a scroll of blinking
 G - a scroll of silence {unknown}
Potions
 h - 6 potions of lignification
 l - 2 potions of curing
 m - 2 potions of might
 r - 2 potions of berserk rage
 u - a potion of haste {unknown}
 B - a potion of resistance {unknown}
 I - a potion of enlightenment {unknown}
 N - 3 potions of heal wounds
 O - a potion of brilliance {unknown}
 S - 2 potions of magic
 T - a potion of cancellation {unknown}


   Skills:
 + Level 8.1 Fighting
 + Level 3.9 Throwing
 + Level 8.2 Dodging
 - Level 4.0 Stealth
 - Level 8.0 Spellcasting
 - Level 13.1 Conjurations
 - Level 6.0 Translocations
 + Level 3.0 Transmutations
 - Level 3.0 Fire Magic
 - Level 7.0 Earth Magic
 - Level 4.0 Evocations


You had 2 spell levels left.
You knew the following spells:

 Your Spells              Type           Power      Damage    Failure   Level
a - Sandblast             Erth           74%        2d16      1%          1
b - Blink                 Tloc           66%        N/A       1%          2
c - Stone Arrow           Conj/Erth      100%       3d13      1%          3
d - Iskenderun's Mystic   Conj/Tloc      48%        2d11      1%          4
e - Flame Wave            Conj/Fire      42%        2d11      1%          4
f - Irradiate             Conj/Tmut      21%        3d18      2%          5
g - Passwall              Tmut/Erth      24%        N/A       1%          2
h - Fireball              Conj/Fire      21%        3d10      2%          5

Your spell library contained the following spells:

 Spells                   Type           Power      Damage    Failure   Level
 Foxfire                  Conj/Fire      100%       2x1d9     1%          1
 Lesser Beckoning         Tloc           66%        N/A       1%          2
 Momentum Strike          Conj/Tloc      96%        3d10      1%          2
 Wereblood                Tmut           21%        N/A       3%          2
 Slow                     Hex            32%        N/A       8%          1
 Summon Small Mammal      Summ           32%        N/A       8%          1
 Brom's Barrelling Bould  Conj/Erth      50%        2d7       1%          4
 Sticky Flame             Conj/Fire      42%        2d6       1%          4
 Inner Flame              Hex/Fire       14%        N/A       3%          3
 Passage of Golubria      Tloc           33%        N/A       7%          4
 Petrify                  Tmut/Erth      29%        N/A       10%         4
 Starburst                Conj/Fire      21%        6d7       12%         6
 Call Canine Familiar     Summ           8%         N/A       24%         3
 Confusing Touch          Hex            8%         N/A       24%         3
 Sigil of Binding         Hex            8%         N/A       24%         3
 Summon Guardian Golem    Hex/Summ       8%         N/A       24%         3
 Vampiric Draining        Necr           8%         2d6       24%         3
 Plasma Beam              Fire/Air       7%         2x1d17    82%         6
 Lehudib's Crystal Spear  Conj/Erth      25%        10d7      88%         8
 Silence                  Hex/Air        4%         N/A       91%         5


Dungeon Overview and Level Annotations

Branches:
Dungeon (12/15)            Temple (1/1) D:7            Lair (3/5) D:10
 Spider (0/4) Lair:3          Orc (0/2) D:11
  Swamp: Lair:2-3    Shoals: Lair:2-3

Altars:
Ashenzari
Cheibriados
Dithmenos
Elyvilon
Fedhas
Gozag
Hepliaklqana
Kikubaaqudgha
Makhleb
Nemelex Xobeh
Okawaru
Qazlal
Ru
Sif Muna
Trog
Uskayaw
Vehumet
Wu Jian
Xom
Yredelemnul
Zin
The Shining One

Shops:
D:1 =   D:4 (   D:6 *

Annotations:
D:5 3 runed translucent doors, exclusion: 3 doors, Hug's ghost, novice TrSh; Ozzieoiler's ghost, novice DsHu; alcopop's ghost, novice DjSh; dontdoit's ghost, weakling VSDe; foff's ghost, novice FoBr
D:6 exclusion: steam dragon
D:10 1 runed translucent door, exclusion: door


Innate Abilities, Weirdness & Mutations

You cannot wear most types of armour.
You are amphibious.
You can wear up to eight rings at the same time.
Your skin changes colour to match your surroundings (Stealth+).
Your rubbery body absorbs attacks. (AC +1, EV +1)
((You are camouflaged when in or above water. (Stealth+)))
You have tentacles for arms and can constrict up to eight enemies at once.


Message History

Your Transmutations skill increases to level 3!
Casting: Iskenderun's Mystic Blast (safe; 1% risk of failure)
Confirm with . or Enter, or press ? or * to list all spells.
You blink.
You are caught in the web!
Found a hole to the Spider Nest.
You feel sick.
A nearby fungus withers and dies. x2
Casting: Blink (safe; 1% risk of failure)
Confirm with . or Enter, or press ? or * to list all spells.
You erupt in a blast of force!
The mystic blast hits the wolf spider!
The wolf spider is almost dead.
The wolf spider is knocked back by the mystic blast.
The mystic blast hits the wolf spider!
The wolf spider is lightly wounded.
The wolf spider is knocked back by the mystic blast.
The wolf spider slams into the rock wall!
The wolf spider is moderately wounded.
The mystic blast hits the wolf spider!
The wolf spider is severely wounded.
The wolf spider is knocked back by the mystic blast.
You feel sick.
Casting: Iskenderun's Mystic Blast (safe; 1% risk of failure)
Confirm with . or Enter, or press ? or * to list all spells.
Okay, then.
Okay, then.
Casting: Iskenderun's Mystic Blast (safe; 1% risk of failure)
Confirm with . or Enter, or press ? or * to list all spells.
You erupt in a fountain of uncontrolled magic!
The wolf spider is blasted with magical radiation!!
The wolf spider is almost dead.
The wolf spider twists and deforms.
The wolf spider is blasted with magical radiation!!
The wolf spider is severely wounded.
You are very lightly contaminated with residual magic.
You feel sick. The wolf spider hits you!
* * * LOW HITPOINT WARNING * * *
The wolf spider bites you.
* * * LOW HITPOINT WARNING * * *
The wolf spider hits you!
* * * LOW HITPOINT WARNING * * *
The wolf spider closely misses you. The wolf spider hits you!
You die...

.....>........†....P........
............†.††..............
..........†...................
..........######............#
..........#....##........!>#
..........##.>..###........##.
...........#...^..#..##.......
...........##^.^.$##..........
............##..@s^##.......#.
.............##.^s..##........
..............###.s..§..#.....
................###^....# P.#.
..................##.......#..
...................#.......!..
..........†.†................
........†<.##..........##P.
..........## #.........P #.


You could see 3 wolf spiders.

Vanquished Creatures
  Gastronok (D:11)
  A centaur warrior (D:12)
  A two-headed ogre (D:10)
  Amaemon (D:11)
  A skeletal warrior (D:11)
  A cyclops (D:12)
  A manticore (D:12)
  5 black mambas
  An orange demon (D:11)
  A torpor snail (Lair:2)
  3 cane toads
  2 rime drakes
  3 komodo dragons
  2 polar bears (Lair:2)
  2 trolls (D:11)
  Sigmund (D:3)
  14 blink frogs
  A culicivora (Lair:3)
  45 yaks
  A wyvern (D:7)
  A vampire (D:11)
  A basilisk (Lair:3)
  A redback (Lair:3)
  2 steam dragons
  An acid dragon (D:12)
  14 water moccasins
  5 orc warriors
  4 black bears
  A sky beast (D:6)
  An ice beast (D:6)
  An ogre (D:5)
  11 wolves
  3 centaurs
  A kobold brigand (D:7)
  A gnoll sergeant (D:10)
  10 bullfrogs
  3 scorpions
  19 wights
  10 killer bees
  6 electric eels
  4 howler monkeys
  2 jellies
  3 hounds
  12 orc priests
  3 sleepcaps
  A gnoll bouda (D:6)
  5 iguanas
  14 orc wizards
  Robin (D:3)
  16 gnolls
  10 adders
  A shadow imp (D:7)
  3 white imps
  2 ufetubi
  A worm (D:5)
  4 dart slugs
  45 orcs
  5 ball pythons
  5 endoplasms
  7 giant cockroaches
  19 goblins
  8 hobgoblins
  2 jackals (D:4)
  6 quokkas
  3 bats
  4 frilled lizards
  17 kobolds
  5 rats
392 creatures vanquished.

Notes
Turn   | Place    | Note
-------+----------+-------------------------------------------
     0 | D:1      | BarneyGumball the Octopode Earth Elementalist began the
                  | quest for the Orb.
     0 | D:1      | Reached XP level 1. HP: 11/11 MP: 3/3
   170 | D:1      | Reached skill level 1 in Conjurations
   170 | D:1      | Reached XP level 2. HP: 17/17 MP: 3/5
   589 | D:1      | Reached XP level 3. HP: 21/21 MP: 4/6
   885 | D:1      | Found Haach's Jewellery Boutique.
  1053 | D:2      | Reached skill level 2 in Conjurations
  1103 | D:2      | Learned a level 3 spell: Stone Arrow
  1107 | D:2      | Reached XP level 4. HP: 27/27 MP: 4/7
  2075 | D:3      | Reached skill level 3 in Conjurations
  2103 | D:3      | Reached XP level 5. HP: 28/31 MP: 5/8
  2413 | D:3      | Noticed Robin
  2502 | D:3      | Killed Robin
  2503 | D:3      | Reached skill level 5 in Earth Magic
  2593 | D:3      | Noticed Sigmund
  2838 | D:3      | Killed Sigmund
  2839 | D:3      | Reached skill level 4 in Conjurations
  2839 | D:3      | Reached XP level 6. HP: 19/36 MP: 2/9
  2964 | D:4      | Reached XP level 7. HP: 41/41 MP: 2/10
  3085 | D:4      | Found Uxkaf's Antique Weapon Boutique.
  3121 | D:4      | Reached skill level 5 in Conjurations
  3374 | D:4      | Learned a level 2 spell: Passwall
  3894 | D:5      | Entered Level 5 of the Dungeon
  4288 | D:5      | Reached skill level 1 in Fighting
  4428 | D:5      | Found a runed translucent gate.
  4429 | D:5      | Found a runed translucent gate.
  4429 | D:5      | Noticed dontdoit's ghost (weakling VSDe)
  4430 | D:5      | Found a runed translucent gate.
  4430 | D:5      | Noticed foff's ghost (novice FoBr)
  4431 | D:5      | Noticed Ozzieoiler's ghost (novice DsHu)
  4431 | D:5      | Noticed Hug's ghost (novice TrSh)
  4431 | D:5      | Noticed alcopop's ghost (novice DjSh)
  4435 | D:5      | Reached XP level 8. HP: 20/50 MP: 6/11
  4855 | D:5      | Found a glowing golden altar of the Shining One.
  5494 | D:6      | Reached skill level 1 in Translocations
  5844 | D:6      | Found a burning altar of Makhleb.
  6127 | D:6      | Reached skill level 6 in Conjurations
  6273 | D:6      | Found Imarhym's General Store.
  6324 | D:6      | Bought a scroll of teleportation for 30 gold pieces
  6724 | D:7      | Reached XP level 9. HP: 58/58 MP: 10/12
  7218 | D:7      | Found a staircase to the Ecumenical Temple.
  7316 | Temple   | Entered the Ecumenical Temple
  7321 | Temple   | Became a worshipper of Vehumet
  7704 | D:8      | Reached skill level 7 in Conjurations
  7706 | D:8      | Reached skill level 5 in Translocations
  8453 | D:8      | Reached skill level 8 in Conjurations
  9018 | D:8      | Reached XP level 10. HP: 63/63 MP: 9/13
  9272 | D:9      | Reached skill level 9 in Conjurations
  9418 | D:9      | Reached * piety under Vehumet
  9418 | D:9      | Offered knowledge of Foxfire by Vehumet.
  9513 | D:9      | Learned a level 2 spell: Blink
 10641 | D:9      | Found a bloodstained altar of Trog.
 10642 | D:9      | Found a stormy altar of Qazlal.
 10717 | D:10     | Entered Level 10 of the Dungeon
 10981 | D:9      | Reached skill level 5 in Fighting
 11178 | D:10     | Reached skill level 5 in Dodging
 11312 | D:10     | Reached skill level 10 in Conjurations
 11613 | D:10     | Found a staircase to the Lair.
 11803 | D:10     | Offered knowledge of Scorch by Vehumet.
 11920 | D:10     | Reached ** piety under Vehumet
 12359 | D:10     | Reached XP level 11. HP: 72/72 MP: 11/17
 12556 | D:10     | Found a runed translucent door.
 12556 | D:10     | Noticed a cyclops
 12556 | D:10     | Noticed a two-headed ogre
 12562 | D:10     | Killed a two-headed ogre
 12979 | D:11     | Noticed Gastronok
 12992 | D:11     | Killed Gastronok
 13136 | D:11     | Reached skill level 5 in Spellcasting
 13147 | D:11     | Noticed Amaemon
 13150 | D:12     | Noticed a cyclops
 13156 | D:12     | Killed a cyclops
 13226 | D:12     | Noticed a manticore
 13232 | D:12     | Killed a manticore
 13313 | D:11     | Killed Amaemon
 13485 | D:12     | Noticed a centaur warrior
 13494 | D:12     | Killed a centaur warrior
 13495 | D:12     | Reached skill level 11 in Conjurations
 13780 | D:11     | Learned a level 4 spell: Flame Wave
 13902 | D:11     | Reached skill level 1 in Fire Magic
 14239 | D:11     | Offered knowledge of Dazzling Flash by Vehumet.
 14393 | D:11     | Noticed a skeletal warrior
 14407 | D:11     | Killed a skeletal warrior
 14562 | D:11     | Reached *** piety under Vehumet
 14682 | D:11     | Found a staircase to the Orcish Mines.
 14690 | D:11     | Reached XP level 12. HP: 81/81 MP: 20/21
 15032 | Lair:1   | Entered Level 1 of the Lair of Beasts
 15305 | Lair:1   | Reached skill level 12 in Conjurations
 15530 | Lair:1   | Offered knowledge of Iskenderun's Mystic Blast by Vehumet.
 15569 | Lair:1   | Learned a level 4 spell: Iskenderun's Mystic Blast
 16772 | Lair:1   | Reached skill level 13 in Conjurations
 16907 | Lair:2   | Reached skill level 1 in Throwing
 16907 | Lair:2   | Reached skill level 1 in Evocations
 16983 | Lair:2   | Reached **** piety under Vehumet
 17369 | Lair:2   | Reached XP level 13. HP: 76/87 MP: 22/25
 17472 | Lair:2   | Learned a level 5 spell: Irradiate
 17747 | Lair:2   | Offered knowledge of Fireball by Vehumet.
 17796 | Lair:2   | Learned a level 5 spell: Fireball
 18366 | Lair:3   | Found a hole to the Spider Nest.
 18368 | Lair:3   | HP: 3/88 [wolf spider (11)]
 18368 | Lair:3   | Slain by a wolf spider

Illustrated notes

Levels and vault maps discovered:
D:1:      heliophobic_arrival_henge, layout_loops_cross, serial_shops, shop,
          nicolae_figureground_sparkle
D:2:      layout_loops_ring
D:3:      layout_basic, uniq_robin, uniq_sigmund, uniq_natasha
D:4:      layout_rooms, serial_shops, shop
D:5:      layout_basic, tso_oasis_becter, gammafunk_ghost_cemetery
D:6:      layout_basic, mainiacjoe_overflow_catwalk, serial_shops,
          nicolae_shop_behind_doors
D:7:      layout_basic, minmay_temple_entry_large_hall
D:8:      layout_loops_cross, enter_bailey_5
D:9:      layout_small_grid, gammafunk_temple_overflow_pools,
          wad_floor_pattern_1, serial_bayou_lagoon_a,
          minmay_misc_feat_more_columns, kennysheep_cross_bottleneck
D:10:     layout_irregular_city, due_lair_maze_entry_diamond, minmay_st_funbox
D:11:     layout_rooms, erik_orc_2, uniq_amaemon, uniq_gastronok
D:12:     layout_irregular_city, uniq_urug
Temple:   dpeg_three_leaves_temple
Lair:1:   layout_hall_layers, st_stairs_10, grunt_megastairs_5
Lair:2:   layout_roguey, gammafunk_lair_bear_cave, grunt_megastairs_2
Lair:3:   layout_cave_shapes, nicolae_swamp_entry_splash_gauntlet,
          spider_nest_entry_funnel_web, gauntlet_entry_generic,
          lemuel_old_faithful, grunt_megastairs_3

Skill      XL: |  1  2  3  4  5  6  7  8  9 10 11 12 13 |
---------------+----------------------------------------+-----
Conjurations   | 1 2 3 4 5 6 8 10 11 13 | 13.1
Earth Magic    | 4 5 7 |  7.0
Fighting       | 2 4 5 7 8 |  8.1
Dodging        | 3 4 5 7 8 |  8.2
Translocations | 3 6 |  6.0
Stealth        | 4 |  4.0
Spellcasting   | 4 6 8 |  8.0
Fire Magic     | 2 3 |  3.0
Throwing       | 2 3 |  3.9
Evocations     | 2 4 |  4.0
Transmutations | 3 |  3.0

Action                     |  1- 3 |  4- 6 |  7- 9 | 10-12 | 13-15 || total
---------------------------+-------+-------+-------+-------+-------++-------
  Melee: Unarmed           |     2 |       |       |       |       ||     2
         Constrict         |     5 |     1 |    23 |    30 |     5 ||    64
         Tentacles         |     4 |       |    22 |    45 |    11 ||    82
         Whip              |    12 |       |       |       |       ||    12
         Short sword       |       |     1 |       |       |       ||     1
         Dagger            |       |     3 |    72 |    69 |       ||   144
         Punch             |       |       |       |     5 |     1 ||     6
         Demon whip        |       |       |       |    65 |     2 ||    67
         Staff             |       |       |       |       |    18 ||    18
   Cast: Sandblast         |    38 |    70 |    84 |    36 |       ||   228
         Stone Arrow       |       |     4 |    87 |   264 |    47 ||   402
         Passwall          |       |       |     1 |       |       ||     1
         Blink             |       |       |       |     2 |     1 ||     3
         Iskenderun's Myst |       |       |       |    10 |     7 ||    17
         Flame Wave        |       |       |       |     4 |     1 ||     5
         Irradiate         |       |       |       |       |     5 ||     5
         Fireball          |       |       |       |       |     1 ||     1
  Evoke: Wand              |       |       |       |     3 |       ||     3
    Use: Scroll            |       |       |     5 |    10 |     2 ||    17
         Potion            |       |       |       |     3 |       ||     3
   Stab: Sleeping          |       |       |     1 |       |       ||     1
 Armour: Skin              |     8 |    10 |    42 |   146 |    32 ||   238
  Dodge: Dodged            |    12 |    10 |    52 |   219 |    45 ||   338

Table legend: (Time is in decaauts)
 A = Elapsed time spent in this place.
 B = Non-inter-level travel time spent in this place.
 C = Inter-level travel time spent in this place.
 D = Time resting spent in this place.
 E = Time spent auto-exploring this place.
 F = Levels seen in this place.
 G = Mean time per level.
                   A        B        C        D        E       F      G
               +--------+--------+--------+--------+--------+-----+--------+
         Total |  18540 |  17768 |    772 |   4375 |  10337 |  16 | 1158.8 |
       Dungeon |  15182 |  14479 |    703 |   3344 |   8687 |  12 | 1265.2 |
        Temple |     10 |      5 |      5 |      0 |      0 |   1 |   10.0 |
          Lair |   3347 |   3284 |     63 |   1031 |   1650 |   3 | 1115.7 |
               +--------+--------+--------+--------+--------+-----+--------+

Top non-repeatable levels by time:
     D:8: 1934 daAuts
     D:9: 1864 daAuts
  Lair:1: 1753 daAuts
    D:10: 1696 daAuts
     D:6: 1413 daAuts
     D:5: 1367 daAuts
    D:11: 1359 daAuts
  Lair:2: 1320 daAuts
     D:2: 1053 daAuts
     D:3: 994 daAuts
     D:7: 988 daAuts
     D:4: 975 daAuts
     D:1: 951 daAuts
    D:12: 583 daAuts
  Lair:3: 274 daAuts
